 Dungeon Crawl Stone Soup version 0.29.1-2-gbd0b4ee654 (webtiles) character file.

Game seed: 11439357965957548733

88 GorkyZ the Trooper (level 4, -2/39 (40) HPs)
             Began as a Minotaur Fighter on Nov 19, 2022.
             Slain by a gnoll
             ... wielding a +2 flail of draining
              (7 damage)
             ... on level 3 of the Dungeon.
             The game lasted 00:03:33 (1167 turns).

GorkyZ the Trooper (Minotaur Fighter)               Turns: 1167, Time: 00:03:34

HP:   -2/39 (40)    AC:  7    Str: 22    XL:     4   Next: 30%
MP:   3/3           EV:  9    Int:  5    God:
Gold: 153           SH:  4    Dex: 10    Spells: 3/3 levels left

rFire   . . .      SeeInvis .   a - +0 flail
rCold   . . .      Faith    .   c - +0 buckler
rNeg    . . .      Spirit   .   b - +0 scale mail
rPois   .          Reflect  .   (helmet restricted)
rElec   .          Harm     .   (no cloak)
rCorr   .          Rampage  .   (no gloves)
Will    .....                   (no boots)
Stlth   ..........              i - amulet of the acrobat
HPRegen 0.13/turn               (no ring)
MPRegen 0.08/turn               (no ring)

@: lightly drained
A: horns 2, retaliatory headbutt
a: no special abilities


You were on level 3 of the Dungeon.
You visited 1 branch of the dungeon, and saw 3 of its levels.

You collected 153 gold pieces.

Inventory:

Hand Weapons
 a - a +0 flail (weapon)
Missiles
 t - a throwing net (quivered)
Armour
 b - a +0 scale mail (worn)
 c - a +0 buckler (worn)
Jewellery
 i - an amulet of the acrobat (around neck)
Scrolls
 e - 2 scrolls of teleportation {unknown}
 f - 2 scrolls of enchant weapon {unknown}
 h - 3 scrolls of identify {unknown}
 m - a scroll of noise {unknown}
 n - 7 scrolls of vulnerability {unknown}
 o - a scroll of butterflies {unknown}
 p - a scroll of silence {unknown}
 s - a scroll of immolation {unknown}
Potions
 d - a potion of might
 g - a potion of heal wounds {unknown}
 j - a potion of cancellation {unknown}
 k - a potion of flight {unknown}
 l - a potion of curing {unknown}
 q - a potion of attraction {unknown}
 r - a potion of degeneration {unknown}


   Skills:
 + Level 4.2 Fighting
 + Level 3.2 Maces & Flails
 + Level 1.4 Throwing
 + Level 4.1 Armour
 + Level 4.1 Shields
 + Level 1.1 Evocations


You had 3 spell levels left.
You didn't know any spells.
Your spell library was empty.

Dungeon Overview and Level Annotations

Branches:
Dungeon (3/15)

Altars:


Innate Abilities, Weirdness & Mutations

You have a pair of horns on your head.
You reflexively headbutt those who attack you in melee.


Message History

You are too injured to fight recklessly!
You are too injured to fight recklessly!
You are too injured to fight recklessly!
You are too injured to fight recklessly!
You are too injured to fight recklessly!
You are too injured to fight recklessly!
You are too injured to fight recklessly!
You are too injured to fight recklessly!
You are too injured to fight recklessly!
You are too injured to fight recklessly!
The gnoll attacks as you move away! The gnoll completely misses you. x2
Things that are here:
a +0 dagger; a +0 leather armour The gnoll attacks as you move away!
You block the gnoll's attack.
Things that are here:
a +0 short sword; a +0 leather armour
Things that are here:
a +0 dagger; an orc corpse You are too injured to fight recklessly!
You are too injured to fight recklessly!
You hit the gnoll.
The gnoll is almost dead.
You block the gnoll's attack.
You hit the gnoll.
The gnoll is severely wounded.
The gnoll hits you with a +0 whip.
You sock the gnoll!
You kill the gnoll!
The gnoll hits you but does no damage.
You hit the gnoll.
You kill the gnoll!
The gnoll hits you with a +2 flail of draining!
* * * LOW HITPOINT WARNING * * *
You feel drained.
* * * LOW HITPOINT WARNING * * *
You block the gnoll's attack.
You barely miss the gnoll. You headbutt the gnoll.
The gnoll is lightly wounded.
The gnoll hits you with a +2 flail of draining!
You die...

#...#......
#.......####
#..##......# #
#..##.#.##.# .#
#.))..#.##.##.#
##.#..#......#
#<......#.....
###..##)#.####
#...)@).#
#####g### #.).#
#.†.# #...#
#...# #....
#....# ......


You could see a gnoll.

Vanquished Creatures
  An adder (D:2)
  2 gnolls (D:3)
  A dart slug (D:2)
  5 orcs (D:3)
  2 bats
  3 endoplasms
  4 giant cockroaches
  7 goblins
  5 hobgoblins
  2 jackals (D:2)
  A kobold (D:3)
  A quokka (D:2)
  7 ball pythons
  5 frilled lizards
  3 rats
49 creatures vanquished.

Vanquished Creatures (others)
  4 fungi (D:3)
  13 plants (D:3)
17 creatures vanquished.

Grand Total: 66 creatures vanquished

Notes
Turn   | Place    | Note
-------+----------+-------------------------------------------
     0 | D:1      | GorkyZ the Minotaur Fighter began the quest for the Orb.
     0 | D:1      | Reached XP level 1. HP: 19/19 MP: 0/0
   151 | D:1      | Reached XP level 2. HP: 27/27 MP: 1/1
   273 | D:1      | Found a faded altar of an unknown god.
   479 | D:2      | Reached skill level 1 in Throwing
   479 | D:2      | Reached XP level 3. HP: 33/33 MP: 2/2
   758 | D:2      | Identified the +4 ring mail of the Butcher {+Blink}
   868 | D:2      | Reached skill level 1 in Evocations
  1151 | D:3      | Reached XP level 4. HP: 37/40 MP: 3/3
  1167 | D:3      | Slain by a gnoll

Illustrated notes

Levels and vault maps discovered:
D:1:      eino_arrival_water_cross, layout_rooms,
          shapermc_ecumenical_altar_pompeii
D:2:      layout_rooms, serial_aquarium, aquarium_bridge_long_separate
          [aquarium_subvault_window, aquarium_subvault_bridge,
          aquarium_subvault_bridge, aquarium_subvault_window,
          aquarium_subvault_bridge, aquarium_subvault_window],
          aquarium_window_1, aquarium_window_2, aquarium_window_fake,
          aquarium_window_double, aquarium_view_2d, aquarium_pool_2,
          kennysheep_decorative_pillar, st_stairs_14, grunt_decor_one_mirror
D:3:      layout_loops_cross, nemelex_xobeh_ov_fountains_minmay, fedhas_altar_3,
          nicolae_grassy_gnolls, uniq_jessica, uniq_grinder

Skill      XL: |  1  2  3 |
---------------+----------+-----
Throwing       | 1 |  1.4
Armour         | 4 |  4.1
Maces & Flails | 3 |  3.2
Fighting       | 4 |  4.2
Evocations     | 1 |  1.1
Shields        | 4 |  4.1

Action                   |  1- 3 |  4- 6 || total
-------------------------+-------+-------++-------
Melee: Flail             |    97 |    12 ||   109
       Headbutt          |    12 |     2 ||    14
Armor: Scale mail        |    42 |     2 ||    44
Dodge: Dodged            |    54 |     8 ||    62
Block: Buckler           |    20 |     3 ||    23
